 Seeded DCSS version 0.29.1-12-g30fa7ad0bf (webtiles) character file.

Game seed: 12663418630196171471 (custom seed)

13076 retardedninja the Severer (level 12, -7/106 HPs)
             Began as a Hill Orc Fighter on Dec 15, 2022.
             Was an Initiate of Gozag.
             Killed from afar by a smoke demon (18 damage)
             ... with a ball of steam
             ... on level 3 of the Abyss on Dec 16, 2022.
             The game lasted 00:15:24 (10362 turns).

retardedninja the Severer (Hill Orc Fighter)       Turns: 10362, Time: 00:15:27

Health: -7/106     AC: 20    Str: 29    XL:     12   Next: 2%
Magic:  3/3        EV:  5    Int:  4    God:    Gozag
Gold:   1069       SH: 25    Dex: 10    Spells: 11/11 levels left

rFire   . . .      SeeInvis .   a - +1 war axe
rCold   . . .      Faith    .   w - +10 tower shield of Ignorance {rN+ Int-4}
rNeg    + . .      Spirit   .   h - +1 plate armour
rPois   .          Reflect  .   (no helmet)
rElec   .          Harm     .   c - +0 cloak
rCorr   +          Rampage  .   o - +2 pair of gloves {Stlth+}
Will    .....                   (no boots)
Stlth   ..........              g - amulet of regeneration
HPRegen 1.07/turn               u - +4 ring of slaying
MPRegen 0.08/turn               r - ring of Kigarghihi {rCorr MP-9 Str+5}

@: about to teleport, studying Axes
A: no striking features
a: Renounce Religion, Potion Petition, Call Merchant, Bribe Branch


You were on level 3 of the Abyss.
You worshipped Gozag.
Gozag was most pleased with you.
You visited 2 branches of the dungeon, and saw 11 of its levels.
You visited the Abyss 1 time.

You collected 1538 gold pieces.
You spent 337 gold pieces at shops.
You paid 132 gold pieces to Gozag.

Inventory:

Hand Weapons
 a - a +1 war axe (weapon)
Armour
 c - a +0 cloak (worn)
 h - a +1 plate armour (worn)
 o - a +2 pair of gloves of stealth (worn)
 w - the +10 tower shield of Ignorance (worn) {rN+ Int-4}
   (You acquired it on level 6 of the Dungeon)

   Int:       It affects your intelligence (-4).
   rN:        It protects you from negative energy.
Jewellery
 g - an amulet of regeneration (around neck)
 r - the ring of Kigarghihi (right hand) {rCorr MP-9 Str+5}
   (You bought it in a shop on level 9 of the Dungeon)

   [ring of resist corrosion]

   Str:       It affects your strength (+5).
   MP:        It affects your magic capacity (-9).
   rCorr:     It protects you from acid and corrosion.
 u - a +4 ring of slaying (left hand)
Wands
 b - a wand of flame (17)
 d - a wand of roots (13)
Scrolls
 l - 2 scrolls of butterflies
 m - 2 scrolls of identify
 n - 2 scrolls of vulnerability
 p - 4 scrolls of teleportation
Potions
 e - 3 potions of flight
 f - 4 potions of lignification
 i - a potion of cancellation
 j - a potion of brilliance
 k - 2 potions of mutation
 s - 5 potions of curing


   Skills:
 + Level 10.0 Fighting
 * Level 19.9 Axes
 + Level 9.8 Armour
 - Level 0.6 Stealth
 + Level 9.7 Shields


You had 11 spell levels left.
You didn't know any spells.
Your spell library contained the following spells:

 Spells                   Type           Power      Damage    Failure   Level
 Ignite Poison            Fire/Tmut/Pois 0%         N/A       100%        3
 Mephitic Cloud           Conj/Pois/Air  0%         N/A       100%        3
 Freezing Cloud           Conj/Ice/Air   0%         6-21      100%        5


Dungeon Overview and Level Annotations

Branches:
Dungeon (10/15)            Temple (1/1) D:6
   Lair: D:8-11         Orc: D:9-12

Altars:
Ashenzari
Cheibriados
Dithmenos
Elyvilon
Fedhas
Gozag
Hepliaklqana
Kikubaaqudgha
Makhleb
Nemelex Xobeh
Okawaru
Qazlal
Ru
Sif Muna
Trog
Uskayaw
Vehumet
Wu Jian
Xom
Zin
The Shining One
Lugonu

Shops:
D:9 *

Annotations:
D:9 2 transporters, Erolcha


Message History

Okay, then.
You are suddenly pulled into a different region of the Abyss!
Found a gateway leading deeper into the Abyss.
There is a gateway leading deeper into the Abyss here.
You plunge deeper into the Abyss.
The abyssal rune of Zot can be found at this depth.
The abyssal matter surrounding you shimmers strangely.
You detect the abyssal rune!
The merfolk impaler shouts!
The raiju barks!
You hear a shout! x2
You hear a bark!
You hear a roar!
Found an abyssal rune of Zot.
Found a corrupted altar of Lugonu.
Found two runelights.
As you read the scroll of teleportation, it crumbles to dust.
You feel strangely unstable.
You feel the power of the Abyss delaying your translocation!
You hear a bark!
A raiju comes into view.
The raiju bursts into living lightning!
The living lightning hits you!!
The raiju blinks! x2
The raiju barks!
Unknown command. 2 smoke demons and a blizzard demon come into view.
Found a runelight.
The smoke demon roars! x2
The blizzard demon gestures at you.
The raiju is engulfed in freezing vapours.
The raiju bites you! The raiju shocks you!
A blizzard demon comes into view.
You are engulfed in freezing vapours.
The blizzard demon shouts!
The raiju is engulfed in freezing vapours.
The raiju bursts into living lightning!
The living lightning hits you!
The raiju blinks!
The blizzard demon waves its arms in wide circles.
The air twists around and strikes you!!
* * * LOW HITPOINT WARNING * * *
The smoke demon gestures at you. The ball of steam hits you!!
You die...
Your body crumbles into a pile of gold.

.#.# ≈2≈ ...#
≈≈ ≈.≈ ... ⌠3
~φ~. ..##§
.≈.≈ ...§
≈⌠3⌠≈
##.§##☼.2..
#.#§○○.#
#.§@§#_###.
#...#§h§....#
#...
#.#.##... ##.
##.#.. . ..
##.... ..
.... . ...
..#


You could see a blizzard demon, a smoke demon and a raiju.

Vanquished Creatures
  A centaur warrior (D:9)
  A boulder beetle (D:9)
  A two-headed ogre (D:9)
  Pikel (D:4)
  An ugly thing (D:9)
  A manticore (D:9)
  Maurice (D:9)
  Joseph (D:8)
  Maggie (D:6)
  A kobold demonologist (D:10)
  A troll (D:8)
  A tarantella (shapeshifter) (D:9)
  Grinder (D:3)
  Sigmund (D:2)
  2 wyverns
  Grum (D:9)
  18 yaks
  Edmund (D:6)
  3 acid dragons
  3 water moccasins
  2 sky beasts (D:6)
  An orc warrior (D:8)
  A black bear (D:7)
  3 ice beasts
  3 ogres
  4 wolves (D:9)
  7 centaurs
  3 phantoms
  A kobold brigand (D:8)
  2 necrophages
  A bullfrog (D:8)
  A gnoll sergeant (D:5)
  5 scorpions
  14 wights
  A howler monkey (D:4)
  3 jellies
  Crazy Yiuf (D:6)
  4 orc priests
  5 hounds
  7 orc wizards
  Terence (D:3)
  Ijyb (D:3)
  Natasha (twice) (D:3)
  4 iguanas
  5 adders
  7 gnolls
  4 shadow imps
  4 white imps
  2 ufetubi (D:5)
  4 worms
  A dart slug (D:3)
  29 orcs
  5 endoplasms
  A giant cockroach (D:1)
  5 goblins
  7 hobgoblins
  6 jackals (D:3)
  4 quokkas
  6 ball pythons
  6 bats
  6 frilled lizards
  9 kobolds
  6 rats
236 creatures vanquished.

Vanquished Creatures (others)
  4 plants (D:9)
4 creatures vanquished.

Grand Total: 240 creatures vanquished

Notes
Turn   | Place    | Note
-------+----------+-------------------------------------------
     0 | D:1      | retardedninja the Hill Orc Fighter began the quest for the
                  | Orb.
     0 | D:1      | Reached XP level 1. HP: 19/19 MP: 1/1
   309 | D:1      | Reached XP level 2. HP: 5/27 MP: 2/2
   315 | D:1      | Reached skill level 3 in Axes
  1073 | D:2      | Reached XP level 3. HP: 33/33 MP: 3/3
  1301 | D:2      | Noticed Sigmund
  1309 | D:2      | Killed Sigmund
  1310 | D:2      | Reached skill level 5 in Axes
  1310 | D:2      | Reached XP level 4. HP: 39/41 MP: 4/4
  1310 | D:2      | Reached XP level 5. HP: 45/47 MP: 5/5
  1985 | D:2      | Found a sparkling altar of Nemelex Xobeh.
  1994 | D:2      | Identified a scroll of acquirement
  1994 | D:2      | Acquired 480 gold pieces
  2226 | D:3      | Noticed Grinder
  2238 | D:3      | Killed Grinder
  2239 | D:3      | Reached skill level 5 in Fighting
  2239 | D:3      | Reached skill level 6 in Axes
  2239 | D:3      | Reached XP level 6. HP: 39/56 MP: 6/6
  2406 | D:3      | Reached skill level 7 in Axes
  2441 | D:3      | Noticed Natasha
  2450 | D:3      | Reached XP level 7. HP: 43/61 MP: 7/7
  2450 | D:3      | Killed Natasha
  2482 | D:3      | Found a faded altar of an unknown god.
  2678 | D:3      | Noticed Ijyb
  2678 | D:3      | Noticed Terence
  2695 | D:3      | Killed Terence
  2695 | D:3      | Killed Ijyb
  3563 | D:3      | Noticed Natasha
  3569 | D:3      | Killed Natasha
  3570 | D:3      | Reached skill level 8 in Axes
  3854 | D:4      | Found a shadowy altar of Dithmenos.
  4055 | D:4      | Noticed Pikel
  4070 | D:4      | Killed Pikel
  4071 | D:4      | Reached skill level 9 in Axes
  4071 | D:4      | Reached skill level 5 in Armour
  4071 | D:4      | Reached XP level 8. HP: 55/70 MP: 8/8
  4389 | D:4      | Found a sacrificial altar of Ru.
  4404 | D:4      | Reached skill level 10 in Axes
  4897 | D:5      | Entered Level 5 of the Dungeon
  5037 | D:5      | Reached skill level 11 in Axes
  5037 | D:5      | Reached XP level 9. HP: 71/78 MP: 9/9
  5252 | D:5      | Reached skill level 5 in Shields
  5405 | D:5      | Acquired a manual of Axes
  5490 | D:5      | Found a blossoming altar of Fedhas.
  6006 | D:6      | Reached skill level 12 in Axes
  6093 | D:6      | Found a stormy altar of Qazlal.
  6093 | D:6      | Found an ornate altar of the Wu Jian Council.
  6330 | D:6      | Found a runed translucent door.
  6331 | D:6      | Noticed Crazy Yiuf
  6493 | D:6      | Reached skill level 13 in Axes
  6516 | D:6      | Found a shimmering altar of Xom.
  6592 | D:6      | Acquired the +10 tower shield of Ignorance {rN+ Int-4}
  6592 | D:6      | Found the +10 tower shield of Ignorance {rN+ Int-4}
  6614 | D:6      | Noticed Maggie
  6641 | D:6      | Killed Maggie
  6642 | D:6      | Reached skill level 14 in Axes
  6944 | D:6      | Found a staircase to the Ecumenical Temple.
  6948 | D:6      | Reached XP level 10. HP: 86/86 MP: 10/10
  6957 | Temple   | Entered the Ecumenical Temple
  7022 | D:6      | Found a bloodstained altar of Trog.
  7022 | D:6      | Noticed Edmund
  7035 | D:6      | Killed Edmund
  7186 | D:6      | Killed Crazy Yiuf
  7187 | D:6      | Reached skill level 15 in Axes
  7573 | D:7      | Found a glowing golden altar of the Shining One.
  7624 | D:7      | Reached skill level 16 in Axes
  8052 | D:8      | Noticed Joseph
  8077 | D:8      | Killed Joseph
  8222 | D:8      | Reached skill level 17 in Axes
  8976 | D:8      | Found an opulent altar of Gozag.
  9064 | D:8      | Became a worshipper of Gozag Ym Sagoz the Greedy
  9148 | D:9      | Noticed a manticore
  9155 | D:9      | Killed a manticore
  9415 | D:10     | Entered Level 10 of the Dungeon
  9425 | D:10     | Found an iron altar of Okawaru.
  9435 | D:10     | Reached XP level 11. HP: 95/95 MP: 11/11
  9493 | D:10     | Noticed a sun demon
  9512 | D:10     | Reached skill level 18 in Axes
  9617 | D:9      | Found Rasmeusi's Assorted Antiques.
  9617 | D:9      | Noticed Grum
  9619 | D:9      | Noticed Maurice
  9631 | D:9      | Paralysed by something for 2 turns
  9636 | D:9      | Killed Grum
  9638 | D:9      | Paralysed by something for 2 turns
  9677 | D:9      | Paralysed by something for 5 turns
  9688 | D:9      | Paralysed by something for 2 turns
  9700 | D:9      | Killed Maurice
  9714 | D:9      | Bought a pair of runed gloves for 202 gold pieces
  9714 | D:9      | Bought a shimmering copper ring for 135 gold pieces
  9714 | D:9      | Identified the ring of Kigarghihi {rCorr MP-9 Str+5} (You
                  | bought it in a shop on level 9 of the Dungeon)
  9740 | D:9      | Noticed a two-headed ogre
  9750 | D:9      | Killed a two-headed ogre
  9800 | D:9      | Found a broken altar of Ashenzari.
  9911 | D:9      | Noticed a boulder beetle
  9914 | D:9      | Noticed a centaur warrior
  9927 | D:9      | Killed a boulder beetle
  9928 | D:9      | Reached skill level 19 in Axes
  9931 | D:9      | Killed a centaur warrior
  9979 | D:9      | Noticed a brown ugly thing
  9988 | D:9      | Killed a brown ugly thing
  9998 | D:9      | Noticed a tengu warrior
 10007 | D:9      | Found a transporter.
 10013 | D:9      | Noticed a two-headed ogre
 10014 | D:9      | Noticed a moth of wrath
 10017 | D:9      | Found a transporter.
 10020 | D:9      | Noticed a two-headed ogre
 10021 | D:9      | Found a bloodstained altar of Trog.
 10097 | D:9      | Reached XP level 12. HP: 102/105 MP: 3/12
 10125 | D:9      | Reached skill level 10 in Fighting
 10139 | D:9      | Found a hide-covered altar of Uskayaw.
 10157 | D:9      | Found an ancient bone altar of Kikubaaqudgha.
 10324 | D:9      | Noticed Erolcha
 10334 | Abyss:2  | Cast into level 2 of the Abyss (Erolcha)
 10359 | Abyss:3  | Noticed a merfolk impaler
 10359 | Abyss:3  | Found a corrupted altar of Lugonu.
 10361 | Abyss:3  | Noticed a blizzard demon
 10362 | Abyss:3  | Noticed a blizzard demon
 10362 | Abyss:3  | Killed from afar by a smoke demon

Illustrated notes

Levels and vault maps discovered:
D:1:      dpeg_arrival_boxorama, layout_rooms, nrook_uturn, serial_park_tiny_2,
          amethyst_killhole
D:2:      layout_loops_ring, basic_altar, minmay_misc_feat_secret_circle,
          uniq_sigmund
D:3:      layout_rooms, nicolae_ecumenical_lake_church, nrook_mini_backslash,
          uniq_terence, uniq_grinder, uniq_ijyb, uniq_natasha
D:4:      layout_rooms, mainiacjoe_overflow_cross_hatched,
          mainiacjoe_overflow_catwalk, uniq_pikel
D:5:      layout_gridville, fedhas_bush_and_centaur_altar,
          minmay_fractal_squares_5
D:6:      layout_loops_ring, mainiacjoe_overflow_surrounded_room,
          lemuel_doored_altar, amethyst_overflow_temple_binary,
          minmay_temple_entry_statues_pillars, uniq_maggie,
          uniq_crazy_yiuf_cottage, uniq_edmund
D:7:      layout_basic, kennysheep_mini
D:8:      layout_basic, grunt_gozag_breadcrumbs, nicolae_underground_beach,
          uniq_joseph
D:9:      minmay_diamond_stairs, layout_basic,
          mainiacjoe_overflow_catch_the_wave, evilmike_ruin_ashenzari,
          gammafunk_ghost_wrathful_warriors, serial_shops,
          nicolae_stop_n_shop_1, uniq_erolcha, uniq_grum, uniq_maurice
D:10:     layout_roguey, okawaru_ov_weapons_minmay,
          yredelemnul_forgotten_temple_becter, orc_0_dummy
Temple:   corrupted_temple
Abyss:3:  base: Temple, dshaligram_kb_abyss_rune_zappy_water_cross,
          evilmike_abyss_exit_plants, spicy_abyss_helpful_harpoons

Skill      XL: |  1  2  3  4  5  6  7  8  9 10 11 12 |
---------------+-------------------------------------+-----
Fighting       | 4 5 6 7 8 9 10 | 10.0
Axes           | 3 5 6 7 9 11 14 17 19 | 19.9
Armour         | 4 5 6 7 9 |  9.8
Shields        | 4 5 7 9 |  9.7
Stealth        | |  0.6

Action                   |  1- 3 |  4- 6 |  7- 9 | 10-12 || total
-------------------------+-------+-------+-------+-------++-------
Melee: War axe           |    98 |    61 |   354 |   353 ||   866
       Punch             |       |       |     2 |       ||     2
  Use: Potion            |     1 |     1 |     6 |     4 ||    12
       Scroll            |       |     6 |     8 |     8 ||    22
 Stab: Distracted        |       |       |       |     1 ||     1
Armor: Scale mail        |    32 |       |       |       ||    32
       Plate armour      |    32 |    33 |   197 |    99 ||   361
Dodge: Dodged            |    45 |    28 |   105 |    19 ||   197
Block: Buckler           |    22 |    16 |    59 |       ||    97
       Tower shield      |       |       |    23 |   359 ||   382
